 Dungeon Crawl Stone Soup version 0.31-a0-844-gdc52ec4e09 (webtiles) character file.

Game seed: 3182056613827001002

166 BigDaddyOpFi the Covered (level 5, -2/5 HPs)
             Began as an Armataur Fighter on Sept 29, 2023.
             Killed from afar by Natasha (7 damage)
             ... with a magic dart
             ... on level 3 of the Dungeon.
             The game lasted 00:02:13 (2034 turns).

BigDaddyOpFi the Covered (Armataur Fighter)         Turns: 2034, Time: 00:02:14

Health: -2/5       AC:  2    Str: 28    XL:     5   Next: 22%
Magic:  5/5        EV: 19    Int:  8    God:
Gold:   132        SH:  0    Dex: 10    Spells: 4/4 levels left

rFire   . . .        a - melded +1 war axe
rCold   . . .        c - melded +0 buckler
rNeg    . . .        l - melded +0 chain mail
rPois   .            (helmet currently unavailable)
rElec   .            d - melded +0 cloak
rCorr   .            (gloves currently unavailable)
SInv    .            (no barding)
Will    .....        g - amulet of magic regeneration
Stlth   +            b - +5 ring of evasion
HPRegen 0.20/turn    p - +5 ring of evasion
MPRegen 0.49/turn

%: roll
@: snake-form
A: constrict, reduced hp, large, rugged brown scales 3, (deformed body),
(armoured tail), roll, long tongue, awkward tongue
a: Begin Untransformation


You were on level 3 of the Dungeon.
You were an enormous anaconda.
You visited 1 branch of the dungeon, and saw 3 of its levels.

You collected 132 gold pieces.

Inventory:

Hand Weapons
 a - a +1 war axe (melded)
Armour
 c - a +0 buckler (melded)
 d - a +0 cloak (melded)
 l - a +0 chain mail (melded)
Jewellery
 b - a +5 ring of evasion (left hand)
 g - an amulet of magic regeneration (around neck)
 o - a ring of fire
 p - a +5 ring of evasion (right hand)
Talismans
 s - a serpent talisman (active)
Scrolls
 h - 3 scrolls of identify {unknown}
 i - a scroll of revelation {unknown}
 m - a scroll of vulnerability {unknown}
 n - a scroll of noise {unknown}
 q - a scroll of blinking {unknown}
 r - a scroll of teleportation {unknown}
Potions
 e - 2 potions of curing {unknown}
 f - 2 potions of mutation {unknown}
 j - a potion of might
 k - a potion of berserk rage {unknown}


   Skills:
 + Level 3.5 Fighting
 + Level 2.6 Axes
 + Level 4.7 Armour
 + Level 4.3 Shields


You had 4 spell levels left.
You didn't know any spells.
Your spell library was empty.

Dungeon Overview and Level Annotations

Branches:
Dungeon (3/15)

Altars:
Xom

Shops:
D:1 [

Annotations:
D:3 Natasha


Innate Abilities, Weirdness & Mutations

You are an enormous anaconda.
You have a powerful constriction melee attack.
Your maximum health is decreased, since you lack skill for your form.
Your armour is entirely melded.
You are incapable of wielding weapons or throwing items.
(You are completely covered in rugged brown scales. (AC +3, +7% HP))
((Armour fits poorly on your strangely shaped body.))
((You have a long armoured tail.))
You roll when moving toward enemies. (Rampage)
Your long tongue fully drains potion bottles. (2x potion effects)
Your tongue gives you trouble enunciating. (1.5x scroll delay)


Message History

The endoplasm freezes you.
You are frozen.
You hit the endoplasm but do no damage.
The endoplasm is lightly wounded.
You closely miss Natasha. You block Natasha's attack.
The endoplasm freezes you.
You are frozen.
You block Natasha's attack. The endoplasm freezes you.
You are frozen.
You hit the endoplasm.
You kill the endoplasm!
You hit Natasha.
Natasha stares at you and mumbles some strange words.
The magic dart hits you. Natasha claws you but does no damage.
Natasha attacks as she pursues you! Natasha claws you but does no damage.
You slash Natasha!
You kill Natasha!
Suddenly Natasha's spirit rises from her lifeless body.
There is a shaft here.
There is an open door here.
You see here a serpent talisman.
s - a serpent talisman You begin transforming.
You continue transforming. x3
You turn into an enormous anaconda.
Your +1 war axe melds into your body.
Your +0 cloak melds into your body.
Your +0 buckler melds into your body.
Your +0 chain mail melds into your body.
There is an open door here.
You open the door.
There is an open door here.
There is an open door here.
Natasha, Servant of Life and Death comes into view.
She is carrying a wand of flame.
Natasha is nearby!
Natasha is nearby!
Natasha hisses angrily.
Natasha stares at you and mumbles some strange words.
The magic dart hits you!
Ouch! That really hurt!
You die...
Natasha curls up and begins to purr.

....................#.# #.....#
.......(......h.....#.####.....#
................)...#.#.. .....#
....................#.#.# #....#
.)....................#.###....##
..†)..................#.........#
.....................÷..........#
................<.......###..†..#
................S...###.# #.....#
....................###.###.....#
................[................
......................#.#####.#.#
....................#.#.# ...#.#
....................#.#.# #####.#
.................<..#.#.# #.#
....................#.#.# #.#
......................#.# ..#


You could see Natasha.

Vanquished Creatures
  Jessica (D:2)
  Terence (D:2)
  Natasha (D:3)
  Robin (D:2)
  3 adders (D:3)
  A worm (D:2)
  3 ball pythons
  3 endoplasms
  A giant cockroach (D:1)
  14 goblins
  6 hobgoblins
  5 kobolds
  2 quokkas
  A bat (D:3)
  5 frilled lizards
  3 rats
51 creatures vanquished.

Notes
Turn   | Place    | Note
-------+----------+-------------------------------------------
     0 | D:1      | BigDaddyOpFi the Armataur Fighter began the quest for the
                  | Orb.
     0 | D:1      | Reached XP level 1. HP: 19/19 MP: 1/1
   209 | D:1      | Found Wacat's Armour Shop.
   352 | D:1      | Reached XP level 2. HP: 26/26 MP: 2/2
   793 | D:2      | Noticed Robin
   813 | D:2      | Reached XP level 3. HP: 11/33 MP: 3/3
   820 | D:2      | Killed Robin
  1009 | D:2      | Noticed Jessica
  1015 | D:2      | Killed Jessica
  1016 | D:2      | Reached XP level 4. HP: 34/40 MP: 4/4
  1227 | D:2      | Found a shimmering altar of Xom.
  1286 | D:2      | Noticed Terence
  1303 | D:2      | Killed Terence
  1770 | D:3      | Reached XP level 5. HP: 43/48 MP: 5/5
  1908 | D:3      | Noticed Natasha
  1918 | D:3      | Killed Natasha
  2033 | D:3      | Noticed Natasha
  2034 | D:3      | Killed from afar by Natasha

Illustrated notes

Levels and vault maps discovered:
D:1:      tarquinn_simple_flora_water_d, layout_loops_ring, serial_shops,
          nicolae_shop_rolling_square, serial_glass, glass_columns_c,
          glass_columns_b
D:2:      layout_rooms, basic_altar, uniq_robin, uniq_terence, uniq_jessica
D:3:      layout_basic, serial_park_tiny_pond, uniq_natasha

Skill      XL: |  1  2  3  4 |
---------------+-------------+-----
Armour         | 4 |  4.7
Fighting       | 3 |  3.5
Axes           | 2 |  2.6
Shields        | 4 |  4.3

Action                     |  1- 3 |  4- 6 || total
---------------------------+-------+-------++-------
  Melee: War axe           |    44 |    52 ||    96
         Tailslap          |     1 |     5 ||     6
    Use: Scroll            |     4 |       ||     4
         Potion            |     1 |       ||     1
 Armour: Scale mail        |     5 |       ||     5
         Chain mail        |    34 |    39 ||    73
         Skin              |       |     1 ||     1
  Dodge: Dodged            |    21 |    34 ||    55
  Block: Buckler           |    16 |    12 ||    28
   Form: Anaconda          |       |     1 ||     1

Table legend: (Time is in decaauts)
 A = Elapsed time spent in this place.
 B = Non-inter-level travel time spent in this place.
 C = Inter-level travel time spent in this place.
 D = Time resting spent in this place.
 E = Time spent auto-exploring this place.
 F = Levels seen in this place.
 G = Mean time per level.
                   A        B        C        D        E       F      G
               +--------+--------+--------+--------+--------+-----+--------+
         Total |   2076 |   1951 |    125 |    157 |   1464 |   3 |  692.0 |
       Dungeon |   2076 |   1951 |    125 |    157 |   1464 |   3 |  692.0 |
               +--------+--------+--------+--------+--------+-----+--------+

Top non-repeatable levels by time:
     D:1: 731 daAuts
     D:2: 728 daAuts
     D:3: 616 daAuts
